Unix xNetHack Version 8.0.0 - last build Jan 15 2024 03:47:00 (be4d3c81716514284228e1a23197c27ddb32b841). Game began 2024-01-26 17:15:50, ended 2024-01-26 17:25:20. UmberConductor, neutral male gnomish Wizard ----------- |....%....- |~.......^| |<.........# -----------##### # --|-- ##.^..| --+------------- |...-### |.......%a.....| |.{(| ## |.....a#a.a....| ----- #########......%Gf......| ----.----------- UmberConductor the Conjurer St:10 Dx:10 Co:11 In:19 Wi:10 Ch:12 Neutral S:554 Dlvl:2 $:260 HP:0(23) Pw:19(35) AC:9 Xp:3/61 T:497 Burdened Latest messages: You see here a crude dagger. l - a crude dagger {10}. You see here a chest. Hmmm, the chest turns out to be locked. Unlock it with your key? q You are bare handed. a - a blessed +1 quarterstaff (alternate weapon; not wielded) {40}. a - a blessed +1 quarterstaff (weapon in hands) {40}. You have no secondary weapon readied. The chest is locked. Unlock it with your key? y You succeed in unlocking the chest. $ - 240 gold pieces {2} (258 in total). w - 2 candy bars {4}. x - a scroll labeled LOREM IPSUM {5}. y - a scroll labeled XOR OTA {5}. z - a fizzy potion {20}. A - 2 blue gems {2}. You swap places with Mia. $ - 2 gold pieces {0} (260 in total). In what direction? y Some bananas fall from the tree! The banana misses Mia. In what direction? y You've attracted the tree's former occupants! You swap places with Mia. The killer bee stings! Mia drops a banana. Mia misses the killer bee. In what direction? u The spell hits the killer bee! You kill the killer bee! Welcome to experience level 3. Mia misses the killer bee. The killer bee stings! The killer bee's sting was poisoned! Your movements are slowed slightly because of your load. You feel weaker! You hear a pick striking rock. In what direction? u The spell misses the killer bee. The killer bee stings! The killer bee's sting was poisoned! Mia misses the killer bee. The killer bee stings! The killer bee stings! Mia misses the killer bee. The killer bee stings! You die... Do you want to see the dungeon overview? q Inventory: Inventory: 602/575 weight (26/52 slots) Coins ('$') $ - 260 gold pieces {3} Weapons (')') a - a blessed +1 quarterstaff (weapon in hands) {40} g - 21 uncursed +0 arrows {21} l - an uncursed +0 orcish dagger {10} n - an uncursed +0 dwarvish spear {35} r - a cursed +3 lance named Chaos Lance {180} s - 6 uncursed +0 darts {6} v - an uncursed +0 sling {3} Armor ('[') b - an uncursed +0 cloak of magic resistance (being worn) {8} Comestibles ('%') i - an uncursed lichen corpse {20} w - 2 uncursed candy bars labeled "Fruity Oaty" {4} Scrolls ('?') m - an uncursed scroll of remove curse {5} o - an uncursed scroll of identify {5} x - a cursed scroll of enchant weapon {5} y - an uncursed scroll of fire {5} Spellbooks ('+') c - a blessed spellbook of force bolt {35} d - a blessed spellbook of magic missile {40} e - an uncursed spellbook of protection {35} f - an uncursed spellbook of wizard lock {40} Potions ('!') p - an uncursed potion of monster detection {20} q - an uncursed potion of blindness {20} u - an uncursed potion of extra healing {20} z - an uncursed potion of healing {20} Rings ('=') t - an uncursed ring of teleport control {3} Tools ('(') h - a cursed copper flute {14} k - an uncursed skeleton key {3} Gems/Stones ('*') A - 2 uncursed worthless pieces of blue glass {2} UmberConductor the Wizard's attributes: Background: You were a Conjurer, a level 3 male gnomish Wizard. You were neutral, on a mission for Thoth who was opposed by Ptah (lawful) and Anhur (chaotic). You were bisexual. You were in the Dungeons of Doom, on level 2. You entered the dungeon 497 turns ago. There was a full moon in effect when your adventure ended. You had 61 experience points, 19 more were needed to attain level 4. Your score was 554 before end-of-game adjustments. Basics: You had 0 out of 23 hit points. You had 19 out of 35 energy points (spell power). Your armor class was 9. Your wallet contained 260 zorkmids. Autopickup was on for '$"?+!=/' plus thrown, with exceptions. Final Characteristics: Your strength was 10 (peak:13, limit:18/50). Your dexterity was 10 (limit:18). Your constitution was 11 (limit:18). Your intelligence was 19 (limit:19). Your wisdom was 10 (limit:18). Your charisma was 12 (limit:18). Final Status: You were not hungry. You were burdened; movement was slightly slowed. You were wielding a quarterstaff. You had basic skill with quarterstaff. Final Attributes: You were fervently aligned. You were magic-protected. You had infravision. You were warded. You were lucky. You are dead. Miscellaneous: You never encountered a bones level. Total elapsed playing time was 9 minutes and 30 seconds. Major events: Turn 1: UmberConductor the neutral male gnomish Wizard entered the dungeon 495: attained the rank of Conjurer (level 3) 497: killed by a killer bee Vanquished creatures: a killer bee a coyote a fox 2 kobolds a goblin a sewer rat a grid bug 2 lichens 2 newts 12 creatures vanquished. No species were genocided or became extinct. Voluntary challenges: You were illiterate. You never genocided any monsters. You never polymorphed an object. You never changed form. You never touched an artifact. You used no wishes. You never scared an enemy with impunity. You were celibate. You never generated conflict. Achievement: You attained the rank of Conjurer. Dungeon overview: The Dungeons of Doom: levels 1 to 2 Level 1: A fountain. Level 2: <- You were here. A sink, a tree. Final resting place for you, killed by a killer bee. Game over: __________ / \ / REST \ / IN \ / PEACE \ / \ | UmberConductor | | 260 Au | | killed by a | | killer bee | | | | | | 2024 | *| * * * | * _________)/\\_//(\/(/\)/\//\/|_)_______ Goodbye UmberConductor the Wizard... You died in The Dungeons of Doom on dungeon level 2 with 528 points, and 260 pieces of gold, after 497 moves. You were level 3 with a maximum of 23 hit points when you died.